[Event "Late-Titled-Tuesday-Blitz-January-30-2024"]
[Site "Chess.com"]
[Date "2024.01.30"]
[Round "1"]
[White "ural58"]
[Black "DavidGavrilescu18"]
[Result "0-1"]
[WhiteElo "2450"]
[BlackElo "2769"]
[TimeControl "180+1"]
[EndTime "14:08:04 PST"]
[Termination "DavidGavrilescu18 won by resignation"]

1. e4 c5 2. b3 e6 3. Nf3 Nc6 4. Bb2 a6 5. Nc3 d5 6. exd5 exd5 7. Bd3 Nf6 8. O-O Be7 9. Ne2 O-O 10. Ng3 g6 11.
Re1 d4 12. h3 Re8 13. a3 Bf8 14. Rxe8 Qxe8 15. Qf1 Bg7 16. Re1 Qd8 17. Ng5 h6 18. N5e4 Nxe4 19. Bxe4 Bd7 20. d3 Rc8 21. Bc1 b6 22.
Bf4 h5 23. Qe2 Qf6 24. Qd2 Re8 25. Bg5 Qe6 26. Re2 Qd6 27. Bf4 Ne5 28. Qe1 Re6 29.
Bb7 a5 30. Ne4 Qc7 31. Bd5 Re7 32. Bg5 Bc8 33. Bxe7 Qxe7 34. f4 Qd7 35. Ba8 Nc6 36. Ng5 Bf6 37. Re8+ Kg7 38. Qe4 Ne7 39. Rxc8 Qxc8 40.
Bb7 Qd7 41. Nf3 Nf5 42. Ne5 Bxe5 43. Qxe5+ f6 44. Qe4 Nd6 45. Qd5 Qe7 46. Bc6 Qe3+ 47. Kh1 Qc1+ 48. Kh2 Qxf4+ 49. g3 Qf2+ 50. Qg2 Qe3 51.
Bd5 Nf5 52. Bc4 Kh6 53. h4 Qe5 54. Qf2 Nxh4 55. Qf4+ Qxf4 56. gxf4 Nf5 57. Kg2 Ne3+ 58. Kf3 Nxc2 59. Ke4 Nxa3 60. Kd5 Nxc4 0-1

[Event "Late-Titled-Tuesday-Blitz-January-30-2024"]
[Site "Chess.com"]
[Date "2024.01.30"]
[Round "1"]
[White "MajorCoast"]
[Black "TimGrutter03"]
[Result "0-1"]
[WhiteElo "2221"]
[BlackElo "2600"]
[TimeControl "180+1"]
[EndTime "14:08:04 PST"]
[Termination "TimGrutter03 won by checkmate"]

1. c3 g6 2. d4 Bg7 3. Nf3 d6 4. Bf4 Nc6 5. h3 Nf6 6. e3 O-O 7. Nbd2 Re8 8. Bh2 e5 9. dxe5 dxe5 10. Nc4 Nd7 11. Be2 Qe7 12. O-O e4 13. Nd4 Nce5 14.
Nb5 Nb6 15. Nxe5 Bxe5 16. Bxe5 Qxe5 17. Qd4 Qe7 18. a4 a6 19. Na3 c5 20. Qd2 Nxa4 21. Nc4 b5 22. Na5 Qc7 23. Nc4 Be6 24. b3 Nb6 25. Nxb6 Qxb6 26. c4 Red8 27. Qc2 f5 28.
Rfd1 b4 29. Rxd8+ Rxd8 30. Rd1 a5 31. f3 exf3 32. Bxf3 Qc7 33. Bd5 Bxd5 34. cxd5 Qe7 35. Kf2 Qd6 36. Qc4 Re8 37. Rc1 f4 38. e4 f3 39. gxf3 Qh2+ 40. Ke3 Rf8 41. Rf1 Qxh3 42. d6+ Kg7 43. e5 Qh6+ 44. Ke2 Qh2+ 45. Rf2 Qxe5+ 46. Qe4 Qxd6 47. Rg2 Rf7 48. Rg4 Re7 49. Rxg6+ hxg6 50. Qxe7+ Qxe7+ 51. Kf2 Qe5 52. f4 Qxf4+ 53. Kg2 Qd4 54. Kh3 a4 55. Kh2 a3 56. Kh1 Qd2 57. Kg1 a2 58.
Kh1 a1=Q# 0-1

[Event "Late-Titled-Tuesday-Blitz-January-30-2024"]
[Site "Chess.com"]
[Date "2024.01.30"]
[Round "1"]
[White "Chempiblinka"]
[Black "crazy_but_lazy"]
[Result "0-1"]
[WhiteElo "2298"]
[BlackElo "2621"]
[TimeControl "180+1"]
[EndTime "14:08:05 PST"]
[Termination "crazy_but_lazy won on time"]

1. Nf3 d5 2. g3 Nd7 3. c4 dxc4 4. Na3 Ngf6 5. Nxc4 a6 6. Bg2 e6 7. O-O Be7 8. b3 O-O 9. Bb2 b5 10. Nce5 Bb7 11.
Rc1 c5 12. d4 Rc8 13. dxc5 Nxc5 14. Bd4 Nce4 15. Rxc8 Qxc8 16. Qa1 Qa8 17. Nh4 Rd8 18.
e3 Nd2 19. Rd1 Bxg2 20. Nxg2 Nde4 21. Rc1 Ba3 22. Rc2 h6 23. Qd1 Ng5 24. h4 Nge4 25. Nf4 Bd6 26. Qe2 Bxe5 27. Bxe5 Nd5 28. Nd3 f6 29. Bd4 e5 30. Ba1 Ne7 31. Ne1 Qd5 32. Bb2 Qd1 33. Qxd1 Rxd1 34. Rc1 Rd7 35. Nf3 Nf5 36.
Ba3 Kh7 37. Rc8 Nfd6 38. Rc6 a5 39. Ra6 b4 40. Bb2 Nc3 41. Bxc3 bxc3 42. Rc6 Ne4 43. Kg2 Rd1 44. h5 Ra1 45. Nh4 Kg8 46. Ng6 Kf7 47. Rc8 Rxa2 48. Rc7+ Ke6 49. Rxg7 c2 50. Rc7 Kd6 51. Rc4 Nd2 52. Rc8 Nxb3 53. Rd8+ Kc7 0-1

[Event "Late-Titled-Tuesday-Blitz-January-30-2024"]
[Site "Chess.com"]
[Date "2024.01.30"]
[Round "1"]
[White "Matthew_Clarke"]
[Black "HalfIsCrayfish"]
[Result "0-1"]
[WhiteElo "2156"]
[BlackElo "2587"]
[TimeControl "180+1"]
[EndTime "14:08:06 PST"]
[Termination "HalfIsCrayfish won on time"]

1. d4 Nf6 2. c4 g6 3. Nc3 d5 4.
cxd5 Nxd5 5. e4 Nxc3 6. bxc3 Bg7 7. Bc4 c5 8. Ne2 Nc6 9. Be3 O-O 10. O-O e6 11. Rc1 b6 12. dxc5 Na5 13. Bd3 Qc7 14.
cxb6 axb6 15. Qc2 Nc4 16. Bf4 e5 17. Bd2 Nxd2 18. Qxd2 Rd8 19. Qc2 Be6 20. a4 Bh6 21. Rb1 Bc4 22. Bxc4 Qxc4 23. Rb4 Qc6 24. Qb3 Rd2 25.
Rxb6 Qxe4 26. Ng3 Qxa4 27. Rb8+ Kg7 28. Qxa4 Rxa4 29. Rbb1 Rc4 30. Rbd1 Rxd1 31. Rxd1 Rxc3 32. Ne4 Rc4 33. Nd6 Rc1 34. Rxc1 Bxc1 35. Kf1 f5 36. Ke2 Kf6 37. f3 Ba3 38. Nc4 Bc5 39. Nd2 Ke6 40.
Nb3 Kd5 41. Nd2 Bb4 42. Nb3 h6 43. Nc1 e4 44. Nb3 g5 45. Nc1 Bd6 46. h3 h5 47. Nb3 Bf4 48. Na5 Kc5 49. Nb3+ Kc4 50. Na5+ Kd5 51. Nb3 exf3+ 52. Kxf3 Bd6 53. Nd2 g4+ 54.
hxg4 hxg4+ 55. Ke2 Bf4 56. Nb3 Bc7 57. Nd2 Bd6 58. Nf1 Bf4 0-1

[Event "Late-Titled-Tuesday-Blitz-January-30-2024"]
[Site "Chess.com"]
[Date "2024.01.30"]
[Round "1"]
[White "Szparu"]
[Black "vesalhamedinia"]
[Result "1-0"]
[WhiteElo "2779"]
[BlackElo "2456"]
[TimeControl "180+1"]
[EndTime "14:08:07 PST"]
[Termination "Szparu won by resignation"]

1. Nf3 d5 2. d4 e6 3. c4 Nf6 4. g3 Be7 5. Bg2 O-O 6. Nc3 c6 7. Qd3 dxc4 8. Qxc4 b5 9. Qd3 a6 10. O-O Bb7 11. Ne5 Qb6 12. Be3 Nd5 13. Rac1 Rd8 14. Ne4 Nd7 15. Nxd7 Rxd7 16. Nc5 Rdd8 17. Bd2 Rac8 18. Rc2 a5 19. Rfc1 Bf6 20. e3 Ba8 21. Qe2 e5 22. dxe5 Bxe5 23. Nd3 Bf6 24. e4 Nb4 25.
Nxb4 axb4 26. Bxb4 Bd4 27. Bc5 Qa6 28. a3 Bb7 29. h4 Qa4 30. e5 Re8 31. Bd6 Qa6 32.
Qg4 Bxe5 33. Bxe5 Rxe5 34. Qxc8+ Bxc8 35. Rxc6 Re8 36. Rxa6 Bxa6 37. Bf1 h6 38. Rc5 Rb8 39.
b4 Kf8 40. Kh2 Ke7 41. a4 Kd6 42. axb5 Bb7 43. g4 Bf3 44. Kg3 Be4 45. Kf4 Bd5 46.
h5 f6 47. f3 Re8 48. Bd3 Re3 49. Kxe3 f5 50. Bxf5 Bb3 51. Kd4 Ba4 52. b6 1-0

[Event "Late-Titled-Tuesday-Blitz-January-30-2024"]
[Site "Chess.com"]
[Date "2024.01.30"]
[Round "1"]
[White "Jagerrmeisterr"]
[Black "Gryffindorac8"]
[Result "1-0"]
[WhiteElo "2719"]
[BlackElo "2414"]
[TimeControl "180+1"]
[EndTime "14:08:07 PST"]
[Termination "Jagerrmeisterr won on time"]

1. e4 c5 2. Nc3 d6 3. d4 cxd4 4. Qxd4 Nc6 5. Bb5 Bd7 6. Bxc6 Bxc6 7. Bg5 Nf6 8. f4 e6 9. Nf3 Be7 10. O-O-O O-O 11. e5 dxe5 12. fxe5 Nd5 13. Bxe7 Qxe7 14. Ne4 Rfd8 15. Nd6 Rxd6 16. exd6 Qxd6 17. Rhe1 h6 18.
Ne5 Qc7 19. c4 Nf6 20. g4 Be8 21. Kb1 Rc8 22. Qxa7 Nd7 23. Qd4 Nxe5 24. Rxe5 b5 25. c5 Bc6 26. Qd6 Qb7 27. b3 Ra8 28. Rd2 Qa6 29. Qc7 b4 30. Rd8+ Rxd8 31. Qxd8+ Kh7 32.
Qd2 Qf1+ 33. Re1 Qf3 34. g5 hxg5 35. Qe3 Qf5+ 36. Kc1 Qd5 37. Rd1 Qf5 38. Rd4 g4 39. Rxb4 Qf1+ 40. Kb2 Qg2+ 41. Ka3 Qxh2 42. Rxg4 Qc7 43.
Rh4+ Kg8 44. Kb2 Qa5 45. Rd4 Be8 46. b4 Qb5 47. Qd3 Qb7 48. Rd8 Qe7 49. c6 Qg5 50. Kb3 1-0

[Event "Late-Titled-Tuesday-Blitz-January-30-2024"]
[Site "Chess.com"]
[Date "2024.01.30"]
[Round "1"]
[White "ImportedItalianMaple"]
[Black "Flawless_Fighter"]
[Result "1-0"]
[WhiteElo "2483"]
[BlackElo "2797"]
[TimeControl "180+1"]
[EndTime "14:08:08 PST"]
[Termination "ImportedItalianMaple won by checkmate"]

1. e4 c5 2. Nf3 Nc6 3. Bb5 Nf6 4. e5 Nd5 5. Nc3 Nc7 6. Bxc6 dxc6 7. O-O g6 8. d3 Bg7 9. Be3 b6 10. h3 O-O 11.
Re1 Ne6 12. Qd2 Nd4 13. Bxd4 cxd4 14. Ne4 c5 15. b4 Qd5 16. bxc5 bxc5 17. Qa5 Bf5 18.
Nxc5 Rac8 19. Nb3 Qxa5 20. Nxa5 Rfd8 21. Re2 Rc5 22. Nb7 Rcd5 23. Nxd8 Rxd8 24. Rb1 Be6 25. a4 h6 26. Rb4 Rd5 27. Rxd4 Ra5 28. Rb4 Bd7 29.
c4 Bf8 30. d4 e6 31. c5 Rxa4 32. Rxa4 Bxa4 33. Ra2 Bc6 34. Rxa7 Bd5 35. Kf1 h5 36.
Ke2 Bh6 37. Rd7 Kf8 38. g4 hxg4 39. hxg4 Ke8 40. Rc7 Bc1 41. Nd2 Bb2 42. Kd3 Bc1 43. Ne4 Bxe4+ 44. Kxe4 Bd2 45. f4 Be1 46. f5 Ba5 47.
Ra7 Bc3 48. d5 gxf5+ 49. gxf5 exd5+ 50. Kxd5 f6 51. Ke6 Kd8 52. exf6 Kc8 53. f7 Bg7 54. f6 Bf8 55. Re7 Kd8 56. Re8+ Kc7 57. Rxf8 Kb7 58.
Rd8 Ka7 59. Rd6 Kb7 60. f8=R Ka7 61. Rf7+ Kb8 62. Rd8# 1-0

[Event "Late-Titled-Tuesday-Blitz-January-30-2024"]
[Site "Chess.com"]
[Date "2024.01.30"]
[Round "1"]
[White "RichardLeyvaP"]
[Black "DenLaz"]
[Result "0-1"]
[WhiteElo "2530"]
[BlackElo "3041"]
[TimeControl "180+1"]
[EndTime "14:08:09 PST"]
[Termination "DenLaz won on time"]

1. e4 c5 2. Nf3 e6 3. d4 cxd4 4.
Nxd4 Nc6 5. Nc3 Qc7 6. f3 Nf6 7. Be3 Be7 8. Qd2 O-O 9. g4 a6 10. O-O-O b5 11. g5 Nh5 12. Bh3 Nxd4 13. Bxd4 Nf4 14.
Bf1 Bxg5 15. Be3 Bb7 16. Kb1 b4 17. Ne2 e5 18. Rg1 Bh6 19. Nxf4 Bxf4 20. Bxf4 exf4 21. Qxb4 Rac8 22. Bd3 g6 23. h4 d5 24. exd5 Bxd5 25. h5 Bxf3 26. Rdf1 Bxh5 27. Rxf4 a5 28. Qd4 Rfd8 29.
Qf2 Be2 30. Bf5 Rd2 31. Rc1 Rcd8 32. Qe3 Bc4 33. b3 Re2 34. Qf3 Bd5 35. Be4 Rxe4 36. Rxe4 Bxe4 37. Qxe4 Qd6 38. Re1 Qf6 39. Qa4 Qc3 40. Rc1 Kg7 41. a3 h5 42. Qe4 Rd6 43. Rf1 Re6 44. Qf4 Rf6 45. Qc1 Rxf1 46. Qxf1 h4 47. a4 h3 48. Qh1 Qg3 49. Qd5 h2 50. Qd4+ Kh7 0-1

[Event "Late-Titled-Tuesday-Blitz-January-30-2024"]
[Site "Chess.com"]
[Date "2024.01.30"]
[Round "1"]
[White "HajiyevKanan"]
[Black "lluiss"]
[Result "1-0"]
[WhiteElo "2591"]
[BlackElo "2170"]
[TimeControl "180+1"]
[EndTime "14:08:09 PST"]
[Termination "HajiyevKanan won by resignation"]

1. d4 d5 2. Nf3 c6 3. c4 e6 4. cxd5 cxd5 5. Nc3 Nf6 6. Bg5 Be7 7. e3 O-O 8. Bd3 b6 9. O-O Ba6 10. Bxa6 Nxa6 11. Rc1 Qd7 12. Ne5 Qb7 13. Qa4 Rfc8 14.
Nb5 Nc7 15. Bxf6 Bxf6 16. Nd6 b5 17. Nxb7 bxa4 18. Nd6 Rd8 19. Ndxf7 Rdc8 20. Nd6 Rd8 21. Nb7 Rdc8 22. Nd6 Rd8 23. Rxc7 Rxd6 24. Rfc1 h6 25. Nc6 Bd8 26. Nxd8 Rdxd8 27. h4 Rdb8 28. R1c2 Rb6 29. Re7 Kh8 30. h5 Rab8 31. Rcc7 Rg8 32.
Rxa7 Rxb2 33. Rxa4 Rb1+ 34. Kh2 Rb2 35. Kg3 g6 36. Raa7 gxh5+ 37. Kh4 Rxg2 38. Rxe6 Rbxf2 39. Re8+ Rg8 40. Rxg8+ Kxg8 41. Kxh5 Re2 42. Kg6 Rg2+ 43.
Kxh6 Rg3 44. Re7 Kf8 45. Re5 Rg2 46. a4 Ra2 47. Rxd5 Rxa4 48. Re5 Ra6+ 49. Kg5 Ra1 50. Kf5 Ra6 51. d5 Kf7 52. Re6 Ra5 53. e4 Ra1 54. Rb6 Rf1+ 55. Ke5 Rh1 56. Rb7+ Ke8 57. d6 Rh5+ 58. Ke6 Rh6+ 59. Kd5 Kd8 60. e5 Kc8 61. Rc7+ Kd8 62. Rg7 Rh1 63. Rg8+ 1-0

[Event "Late-Titled-Tuesday-Blitz-January-30-2024"]
[Site "Chess.com"]
[Date "2024.01.30"]
[Round "1"]
[White "tptagain"]
[Black "Cambek64"]
[Result "1-0"]
[WhiteElo "2914"]
[BlackElo "2503"]
[TimeControl "180+1"]
[EndTime "14:08:10 PST"]
[Termination "tptagain won on time"]

1. Nf3 d5 2. e3 Nf6 3. c4 c6 4. Nc3 e6 5. b3 Be7 6. Bb2 O-O 7. d4 b6 8. Bd3 Bb7 9. O-O Nbd7 10. Qc2 Rc8 11. Rfd1 Qc7 12. Rac1 Qb8 13. Ne5 Rfd8 14. f4 c5 15. cxd5 cxd4 16. exd4 Bxd5 17. Nxd5 exd5 18. Nc6 Rxc6 19. Qxc6 Qxf4 20. g3 Qe3+ 21. Kg2 Ne4 22. Qc2 Bd6 23. Re1 Qg5 24. Bxe4 dxe4 25. Qxe4 Nf6 26.
Qf3 h5 27. d5 Ng4 28. Re2 h4 29. h3 Ne5 30. Qf4 Qxf4 31. gxf4 Nd3 32. Kf3 Nxb2 33.
Rxb2 Ba3 34. Rbc2 Bxc1 35. Rxc1 Rxd5 36. Rc8+ Kh7 37. Rc7 f5 38. Rxa7 Rd3+ 39. Kg2 Rg3+ 40. Kh2 Rf3 41. Ra4 Kg6 42. Rb4 Kh5 43. a4 Rf2+ 44.
Kg1 Rf3 45. Kg2 Rg3+ 46. Kh2 Rf3 47. Kg2 Rg3+ 48. Kh2 Rf3 49. Rxb6 Rxf4 50. a5 g5 51. Kg2 1-0

[Event "Late-Titled-Tuesday-Blitz-January-30-2024"]
[Site "Chess.com"]
[Date "2024.01.30"]
[Round "1"]
[White "AsaHoffmann"]
[Black "CrushingKings"]
[Result "1-0"]
[WhiteElo "2341"]
[BlackElo "2623"]
[TimeControl "180+1"]
[EndTime "14:08:11 PST"]
[Termination "AsaHoffmann won by resignation"]

1. d4 g6 2. e4 Bg7 3. Be3 c6 4. Qd2 d5 5. Nc3 dxe4 6. Nxe4 Nf6 7. Nxf6+ exf6 8. O-O-O O-O 9. Bc4 Nd7 10. Bh6 Nb6 11.
Bb3 a5 12. a3 a4 13. Ba2 Be6 14. Bxe6 fxe6 15. Bxg7 Kxg7 16. h4 Qd5 17. Kb1 Nc4 18. Qc3 Ra5 19. Ne2 g5 20. hxg5 fxg5 21. Qh3 Qf5 22.
Qh6+ Kg8 23. Ng3 Qg6 24. Qxg6+ hxg6 25. Ne4 Rb5 26. Rh3 g4 27. Rh6 Rxb2+ 28. Kc1 Ra2 29. Kb1 Rb2+ 30. Kc1 Rf4 31. f3 gxf3 32. gxf3 Ra2 33.
Kb1 Rxa3 34. Rxg6+ Kf7 35. Rdg1 Raxf3 36. Rg7+ Ke8 37.
Rg8+ Rf8 38. Rxf8+ Kxf8 39. Nc5 Ke7 40. Rg7+ Rf7 41. Rg1 Kd6 42. Nxa4 b5 43. Nc3 e5 44. Rg6+ Kc7 45. d5 b4 46. Ne4 cxd5 47. Nc5 Nb6 48. Kb2 d4 49. Kb3 e4 50. Nxe4 Re7 51. Nc5 Nd5 52.
Kc4 Nb6+ 53. Kxd4 Re2 54. Kd3 Re5 55. Nb3 Rd5+ 56. Ke4 Rd7 57. Nd4 Nc4 58. Rc6+ Kb7 59. Rxc4 1-0

[Event "Late-Titled-Tuesday-Blitz-January-30-2024"]
[Site "Chess.com"]
[Date "2024.01.30"]
[Round "1"]
[White "Rakitic2010"]
[Black "alexgo05"]
[Result "1/2-1/2"]
[WhiteElo "2647"]
[BlackElo "2366"]
[TimeControl "180+1"]
[EndTime "14:08:15 PST"]
[Termination "Game drawn - insufficient material"]

1. e4 c6 2. Nf3 g6 3. d4 Bg7 4. Bd3 d5 5. e5 f6 6. Bf4 Nh6 7.
O-O O-O 8. Re1 Bg4 9. Nbd2 Nd7 10. c4 fxe5 11. Bxe5 Nxe5 12. dxe5 Nf5 13. h3 Bxf3 14.
Nxf3 Qb6 15. cxd5 cxd5 16. Bxf5 Rxf5 17. Qxd5+ e6 18. Qd4 Qxd4 19. Nxd4 Rxe5 20. Rxe5 Bxe5 21. Nxe6 Re8 22. Nc5 Bxb2 23. Rb1 Bd4 24. Nxb7 Re2 25. a4 Rxf2 26. Kh1 Kg7 27. Nd8 Kf6 28. Nc6 Bc5 29. a5 Kf5 30. Re1 Kf4 31. Ne5 Rd2 32. Nf3 Ra2 33. Ne5 Kg3 34. Nd3 Bd4 35. Re4 Ra1+ 36. Re1 Ra2 37. Re4 Ra1+ 38. Re1 Rxe1+ 39. Nxe1 Bc3 40.
Nf3 Bxa5 41. Ng5 Bb6 42. Ne4+ Kf4 43. Nd6 a5 44. Nc4 Bc7 45. h4 a4 46. Kg1 Bd6 47. h5 a3 48. hxg6 hxg6 49. Nd2 a2 50. Nb3 Ke3 51. g3 Bxg3 52. Kg2 Bd6 53. Kh3 Kd3 54. Kg4 Be7 55. Nc1+ Kc2 56. Nxa2 Kb2 57. Nb4 Bxb4 58.
Kg5 Bc3 59. Kxg6 1/2-1/2

[Event "Late-Titled-Tuesday-Blitz-January-30-2024"]
[Site "Chess.com"]
[Date "2024.01.30"]
[Round "1"]
[White "AradNazari"]
[Black "TheAlienParty"]
[Result "1-0"]
[WhiteElo "2675"]
[BlackElo "2375"]
[TimeControl "180+1"]
[EndTime "14:08:16 PST"]
[Termination "AradNazari won by resignation"]

1. e4 e5 2. f4 exf4 3. Nf3 d6 4. Bc4 h6 5. h4 Nf6 6. Nc3 Be6 7. Bxe6 fxe6 8. d4 Nc6 9. Bxf4 Nh5 10. Be3 Be7 11.
Ne5 Nxe5 12. dxe5 Bxh4+ 13. Kd2 dxe5+ 14. Nd5 Ng3 15. Qg4 exd5 16. Rxh4 Nxe4+ 17. Ke2 Qd7 18.
Qh5+ Qf7 19. Qxe5+ Qe7 20. Qh5+ Qf7 21. Qe5+ Qe7 22. Qh5+ Qf7 23. Qg4 Qd7 24. Qg6+ Qf7 25. Qg4 Nf6 26. Qf3 O-O-O 27. Rf1 Rhe8 28. Kd1 d4 29.
Rxd4 Rxd4+ 30. Bxd4 Rd8 31. c3 c5 32. Qf5+ Qd7 33. Qxc5+ Kb8 34. Qxa7+ Kc8 35. Qc5+ Qc7 36. Qf5+ Qd7 37. Kc1 Qxf5 38. Rxf5 Rg8 39. Bxf6 gxf6 40. Rxf6 Rxg2 41. Rxh6 Kc7 42. a4 Kb8 43. Kb1 Ka7 44.
Ka2 Kb8 45. Ka3 Ka7 46. b4 Rc2 47. Kb3 Rc1 48. a5 Rb1+ 49. Ka4 Rg1 50. c4 Rg4 51. Kb5 Rg5+ 52. c5 Ka8 53. Rh8+ Ka7 54. Rh7 Ka8 55.
a6 Rg4 56. axb7+ Kb8 57. Rh8+ Kxb7 58. Rh7+ Kb8 59. Ka5 Ka8 60. b5 Rg6 61. c6 Kb8 62. Kb6 Rg8 63. Rb7+ Ka8 64. Ra7+ Kb8 65. c7+ Kc8 66.
Ra8+ 1-0

[Event "Late-Titled-Tuesday-Blitz-January-30-2024"]
[Site "Chess.com"]
[Date "2024.01.30"]
[Round "1"]
[White "Eduard_Limonov"]
[Black "OneTrickPony_82"]
[Result "1-0"]
[WhiteElo "2875"]
[BlackElo "2496"]
[TimeControl "180+1"]
[EndTime "14:08:21 PST"]
[Termination "Eduard_Limonov won by resignation"]

1. Nf3 Nf6 2. c4 c5 3. g3 d5 4. cxd5 Nxd5 5. Bg2 Nc6 6. O-O Nc7 7. Qa4 Bd7 8. Qb3 Rb8 9. Rd1 e5 10. Nc3 Nd4 11.
Nxd4 exd4 12. Nd5 Be6 13. Nxc7+ Qxc7 14. Qa4+ b5 15. Qc2 Be7 16. d3 O-O 17. Bf4 Bd6 18.
Bxd6 Qxd6 19. b3 Rbc8 20. Qd2 Rfe8 21. Rac1 Bd5 22. Bxd5 Qxd5 23. Rc2 h5 24. h4 Re6 25. Rdc1 g6 26. Qf4 Kg7 27. Qf3 Qd6 28. b4 Re5 29.
Qb7 Rc7 30. Qb8 Qe7 31. Qxb5 Rb7 32. Qa5 Rxb4 33. Rxc5 Rxc5 34. Qxc5 Qxc5 35. Rxc5 Rb2 36. Kf1 Rxa2 37. Rc4 a5 38. Rxd4 a4 39. Rd7 a3 40.
Ra7 Kf6 41. f3 Ke6 42. Kf2 f6 43. Ke3 Ra1 44. Ra6+ Ke7 45. Kf4 a2 46. Ke4 Kf7 47. d4 Ke7 48. Kd5 Kd7 49. Ra7+ Kd8 50. Ke6 Kc8 51.
Kxf6 Kb8 52. Ra3 Kc7 53. Kxg6 Kd6 54. Kxh5 Kd5 55. g4 Kxd4 56. g5 Ke5 57. Kg6 Ke6 58. h5 Ke7 59. h6 Kf8 60. h7 Ke7 61. h8=Q 1-0

[Event "Late-Titled-Tuesday-Blitz-January-30-2024"]
[Site "Chess.com"]
[Date "2024.01.30"]
[Round "1"]
[White "sansanathalia"]
[Black "manitodeplomo"]
[Result "0-1"]
[WhiteElo "2394"]
[BlackElo "2689"]
[TimeControl "180+1"]
[EndTime "14:08:23 PST"]
[Termination "manitodeplomo won on time"]

1. e4 c5 2. Nf3 e6 3. g3 Nc6 4.
Bg2 Nf6 5. d3 d5 6. exd5 Nxd5 7.
O-O Be7 8. Re1 O-O 9. Nbd2 b6 10. Ne5 Bb7 11. c4 Ndb4 12. a3 Nxe5 13. Bxb7 Nbxd3 14. Bxa8 Nxe1 15. Qxe1 Nd3 16. Qe3 Bg5 17. f4 Bf6 18. Nf3 Nxc1 19. Be4 Qd1+ 20. Kg2 Qe2+ 21. Qxe2 Nxe2 22.
Re1 Nd4 23. Nxd4 Bxd4 24. b4 g6 25. g4 f5 26. Bf3 Kf7 27. gxf5 gxf5 28. Bh5+ Kf6 29.
Bf3 Rg8+ 30. Kh3 Rd8 31. Re2 Rc8 32. Rc2 Rc7 33. b5 Be3 34. Bc6 Bxf4 35. Rg2 Rg7 36. Re2 e5 37. Re1 e4 38. Rd1 Rg6 39. Rd8 Rh6+ 40.
Kg2 Rxh2+ 41. Kg1 Ra2 42. Rd7 h5 43. Rh7 Bg3 44. Rxh5 f4 45. Bxe4 Rxa3 46. Rf5+ Ke6 47. Rd5 Re3 48. Bd3 f3 49. Bf1 Rc3 50. Rg5 Be5 51.
Rg6+ Kf5 52. Rg8 Kf4 53. Rf8+ Ke4 54. Re8 Ra3 55. Rf8 Ke3 56. Re8 Ke4 57. Rf8 Bd4+ 58. Kh2 Ra2+ 59. Kg3 Be5+ 60. Kg4 Rg2+ 61. Bxg2 fxg2 0-1

[Event "Late-Titled-Tuesday-Blitz-January-30-2024"]
[Site "Chess.com"]
[Date "2024.01.30"]
[Round "1"]
[White "LiemLe"]
[Black "Zura_19"]
[Result "1-0"]
[WhiteElo "3057"]
[BlackElo "2533"]
[TimeControl "180+1"]
[EndTime "14:08:24 PST"]
[Termination "LiemLe won by resignation"]

1. Nf3 Nf6 2. c4 e6 3. Nc3 c5 4.
g3 b6 5. Bg2 Bb7 6. O-O Be7 7.
d4 cxd4 8. Qxd4 d6 9. Rd1 a6 10.
b3 Nbd7 11. Bb2 O-O 12. e4 Qc7 13. Qe3 Rfe8 14. Rac1 Rac8 15. Nd4 h5 16. h3 Qb8 17. Qe2 Nf8 18. Na4 Ba8 19. Qe3 Ng6 20. Ne2 Nd7 21. Nac3 b5 22. cxb5 axb5 23. Nd4 b4 24. Na4 Nc5 25.
Nxc5 dxc5 26. Nf3 Bc6 27. Nd2 Qa8 28. Nc4 Red8 29. Nb6 Qxa2 30. Nxc8 Rxc8 31. Rd2 Qa8 32. h4 Qb7 33. Bf3 Ra8 34. Re2 Ra2 35. Bxh5 e5 36.
Bxg6 fxg6 37. Bxe5 Rxe2 38. Qxe2 Bxe4 39. Re1 Bh1 40. Qf1 Bf3 41. Bf4 Bf6 42. Qc4+ Kh7 43. Kh2 Qd7 44. Qxc5 Qg4 45. Qe3 Bxh4 46. Qe6 Bf6 47.
Qxg4 Bxg4 48. Be5 Bg5 49. f4 Be7 50. Ra1 Be6 51. Ra7 Bf8 52. Kg2 Bxb3 53. Kh2 Bd5 54. Ra5 Bg8 55. Rb5 b3 56. Rb7 g5 57. f5 g4 58. f6 Kg6 59. fxg7 Bc5 60. Rb5 Be3 61.
Rb6+ Kh7 62. Rb8 Bc5 63. Bb2 Be7 64. Kg2 Bd6 65. Rd8 Bd5+ 66. Kh2 1-0

[Event "Late-Titled-Tuesday-Blitz-January-30-2024"]
[Site "Chess.com"]
[Date "2024.01.30"]
[Round "1"]
[White "Sokoloco"]
[Black "jup1978"]
[Result "1-0"]
[WhiteElo "2755"]
[BlackElo "2436"]
[TimeControl "180+1"]
[EndTime "14:08:25 PST"]
[Termination "Sokoloco won by resignation"]

1. b3 d5 2. e3 Bf5 3. Nf3 e6 4.
d4 h6 5. Bd3 Bxd3 6. Qxd3 Nf6 7. O-O Be7 8. Ba3 O-O 9. Bxe7 Qxe7 10. c4 c5 11. Nc3 dxc4 12. bxc4 cxd4 13. exd4 b6 14. Rfe1 Rd8 15. d5 Qc5 16. Ne4 Nxe4 17. Qxe4 exd5 18. cxd5 Nd7 19. Rac1 Nf6 20. Rxc5 Nxe4 21.
Rc6 Nc5 22. d6 Rac8 23. Rxc8 Rxc8 24. Ne5 Kf8 25. Rd1 f6 26. Ng6+ Kf7 27. Ne7 Rd8 28. Nc6 Rd7 29. Nb8 Rd8 30. d7 Ke6 31. Re1+ Kf7 32.
Rd1 a5 33. f4 g6 34. g4 Ke6 35. Kf2 Nxd7 36. f5+ gxf5 37. gxf5+ Kxf5 38. Nc6 Re8 39. Rxd7 Re4 40. Rd2 Rh4 41. Kg3 Rc4 42. Nd4+ Ke4 43. Nf3 Rc3 44. Rd4+ Kf5 45. Rf4+ Kg6 46. a4 Rb3 47.
Kg2 Rb4 48. Rxb4 axb4 49. Nd4 Kg5 50. Kf3 f5 51. Nb3 h5 52. Nd4 h4 53. h3 Kg6 54.
Kf4 Kf6 55. Nxf5 b3 56. Ne3 b2 57. Nd5+ Ke6 58. Nc3 Kd6 59. Ke4 Kc5 60. Kd3 Kb4 61.
Kc2 Kc4 62. Kxb2 Kd4 63. Kc2 Ke3 64. Nd5+ Kf3 65. Nxb6 Kg3 66. a5 Kxh3 67. a6 Kg3 68. a7 h3 69. a8=Q h2 70. Qh1 Kh3 71. Nd5 Kg3 72. Ne3 Kh3 1-0

[Event "Late-Titled-Tuesday-Blitz-January-30-2024"]
[Site "Chess.com"]
[Date "2024.01.30"]
[Round "1"]
[White "rcmz"]
[Black "Fh2411"]
[Result "0-1"]
[WhiteElo "2124"]
[BlackElo "2574"]
[TimeControl "180+1"]
[EndTime "14:08:26 PST"]
[Termination "Fh2411 won on time"]

1. b4 d5 2. Bb2 Bf5 3. e3 e6 4. f4 Nf6 5. a3 Be7 6. Nf3 O-O 7. Be2 h6 8. O-O Nbd7 9. c4 dxc4 10. Bxc4 c5 11. b5 Nb6 12. d3 Nxc4 13. dxc4 Bd3 14. Re1 Bxc4 15. a4 Qxd1 16. Rxd1 Be2 17. Rd2 Bxf3 18. gxf3 Rfd8 19. Be5 Rd5 20. Raa2 Rad8 21. Kf2 Rxd2+ 22. Nxd2 Nd5 23. Ke2 f6 24. Ba1 g5 25.
fxg5 hxg5 26. Nc4 Kf7 27. Rd2 Rh8 28. Kf1 Ke8 29. Kg2 Rh4 30. e4 Nf4+ 31. Kg1 Rh3 32. Rf2 Kf7 33. Ne3 Rh8 34. Rd2 Rd8 35. Rxd8 Bxd8 36.
Kf2 Ba5 37. Nc4 Bc7 38. Kg1 Ke7 39. Bb2 a6 40. b6 Bd8 41. a5 Nd3 42. Bc3 Nf4 43.
Bd2 Ng6 44. Kg2 Kd7 45. h3 Be7 46. Kf2 Kc6 47. Ke3 Kb5 48. Kd3 Kc6 49. Be3 Bd6 50.
Kc3 Ne5 51. Nxe5+ Bxe5+ 52. Kc4 Bd6 53. Bf2 Be7 54. h4 gxh4 55. Bxh4 Bd8 56. e5 Be7 57. exf6 Bf8 58. f7 Kd6 59. f4 e5 60. fxe5+ Kxe5 61. Bf2 Ke6 62. Bxc5 Kxf7 0-1

[Event "Late-Titled-Tuesday-Blitz-January-30-2024"]
[Site "Chess.com"]
[Date "2024.01.30"]
[Round "1"]
[White "NCchamp"]
[Black "Baby_Legs"]
[Result "1-0"]
[WhiteElo "2321"]
[BlackElo "2610"]
[TimeControl "180+1"]
[EndTime "14:08:27 PST"]
[Termination "NCchamp won by resignation"]

1. e4 c5 2. Nc3 Nc6 3. Bb5 Nd4 4.
Nf3 g6 5. Nxd4 cxd4 6. Ne2 Bg7 7. c3 a6 8. Bd3 dxc3 9. dxc3 d6 10. O-O Nf6 11.
h3 O-O 12. Be3 Qc7 13. a4 Bd7 14. a5 Bc6 15. Qc2 d5 16. Bb6 Qb8 17. Ng3 Nd7 18.
exd5 Bxd5 19. Be3 Qc7 20. Be4 Bxe4 21. Nxe4 Qc6 22. Ng5 h6 23. Nf3 e5 24. Rfd1 Rfd8 25. Qa4 Qxa4 26. Rxa4 Nf8 27. Re1 f6 28. Rb4 Rd7 29. Nd2 Ne6 30. Nc4 Re8 31. Rb6 Bf8 32. f3 Kf7 33. Bf2 Rc8 34. Ne3 Bc5 35. Rb3 Ba7 36.
Ng4 Bxf2+ 37. Kxf2 h5 38. Ne3 Rc5 39. Rd1 Rdc7 40.
Nd5 Rd7 41. Ne3 Rcc7 42. Nd5 Rc6 43. Ne3 Rcc7 44. Nd5 Nd8 45. Nxc7 Rxd1 46. Ke2 Rg1 47. Kf2 Ra1 48. Nd5 Rxa5 49. Ne3 Rb5 50. Ra3 Rxb2+ 51.
Kg3 Ke6 52. Nc4 Nc6 53. Nxb2 f5 54. Nd3 g5 55. Nb4 Ne7 56. Ra5 f4+ 57. Kf2 Nf5 58.
Nd3 g4 59. Rxe5+ 1-0